 Dungeon Crawl Stone Soup version 0.23-a0-275-g0cf4261 (webtiles) character file.

2776 Megalobster the Magician (level 9, 0/71 HPs)
             Began as a Gnoll Warper on Oct 2, 2018.
             Was an Initiate of Gozag.
             Slain by a troll (7 damage)
             ... on level 7 of the Dungeon.
             The game lasted 00:22:13 (9461 turns).

Megalobster the Magician (Gnoll Warper)             Turns: 9461, Time: 00:22:14

Health: 0/71       AC:  6    Str: 15    XL:     9   Next: 70%
Magic:  19/19      EV: 15    Int: 18    God:    Gozag
Gold:   530        SH:  5    Dex: 14    Spells: 21/21 levels left

rFire    . . .     SeeInvis .   a - +2 dagger (venom)
rCold    + . .     Gourm    .   J - +0 buckler of Sloth {Stlth+}
rNeg     . . .     Faith    .   s - +0 leather armour
rPois    .         Spirit   .   (no helmet)
rElec    .         Reflect  .   m - +0 cloak
rCorr    .         Harm     .   (no gloves)
MR       +....                  i - +0 pair of boots
Stlth    +++.......             (no amulet)
HPRegen  0.21/turn              I - ring of protection from magic
MPRegen  0.16/turn              h - ring of protection from cold

@: no status effects
A: distributed training, fangs 1, strong nose
a: Potion Petition, Call Merchant, Bribe Branch, Renounce Religion


You were on level 7 of the Dungeon.
You worshipped Gozag.
Gozag was pleased with you.
You were not hungry.

You visited 2 branches of the dungeon, and saw 8 of its levels.

You collected 561 gold pieces.
You paid 31 gold pieces to Gozag.

Inventory:

Hand Weapons
 a - a +2 dagger of venom (weapon)
 b - a +0 hunting sling
 q - a +0 hand axe
 x - a +0 flail of holy wrath
 E - a +1 hand axe of holy wrath
 G - a +0 dire flail of draining
 K - a +0 shortbow
 M - a +0 short sword of speed
 R - a cursed -3 spear
Missiles
 c - 179 arrows
 e - 3 tomahawks of dispersal
 g - 35 sling bullets
 j - 336 stones (quivered)
Armour
 i - a +0 pair of boots (worn)
 k - a -2 leather armour
 m - a +0 cloak (worn)
 s - a +0 leather armour (worn)
 t - a +0 cloak
 w - a +0 scale mail
 z - a +0 chain mail
 D - a scarf of cloud immunity
 J - the +0 buckler of Sloth (worn) {Stlth+}
   (You found it on level 6 of the Dungeon)

   It makes you more stealthy.
 Q - a +0 pair of boots
Jewellery
 h - a ring of protection from cold (right hand)
 n - an uncursed ring of resist corrosion
 I - a ring of protection from magic (left hand)
Wands
 B - a wand of clouds (3)
 C - a wand of digging (9)
 N - a wand of iceblast (10)
Scrolls
 d - 2 scrolls of blinking
 l - a scroll of remove curse {@r2}
 p - 3 scrolls of random uselessness
 r - 2 scrolls of amnesia
 u - a scroll of teleportation
 y - 2 scrolls of enchant weapon
 A - 2 scrolls of enchant armour
 H - a scroll of magic mapping {unknown}
 L - 2 scrolls of fear
 P - a scroll of fog {unknown}
Potions
 o - a potion of heal wounds
 v - a potion of resistance
 F - a potion of agility {unknown}
 O - a potion of lignification {unknown}
Comestibles
 f - 7 rations


   Skills:
 + Level 6.4 Fighting
 + Level 4.4 Short Blades
 + Level 4.4 Long Blades
 + Level 6.4 Axes
 + Level 4.4 Maces & Flails
 + Level 4.4 Polearms
 + Level 4.4 Staves
 + Level 4.4 Slings
 + Level 4.4 Bows
 + Level 4.4 Crossbows
 + Level 5.2 Throwing
 + Level 5.2 Armour
 + Level 6.4 Dodging
 + Level 4.4 Stealth
 + Level 4.4 Shields
 + Level 4.4 Unarmed Combat
 + Level 6.7 Spellcasting
 + Level 3.6 Conjurations
 + Level 3.6 Hexes
 + Level 3.6 Charms
 + Level 3.6 Summonings
 + Level 3.6 Necromancy
 + Level 6.6 Translocations
 + Level 3.6 Transmutations
 + Level 3.6 Fire Magic
 + Level 3.6 Ice Magic
 + Level 3.6 Air Magic
 + Level 3.6 Earth Magic
 + Level 3.6 Poison Magic
 + Level 4.9 Invocations
 + Level 4.4 Evocations


You had 21 spell levels left.
You didn't know any spells.
Your spell library contained the following spells:

 Spells                   Type           Power        Failure   Level  Hunger
 Blink                    Tloc           N/A          1%          2    None
 Shroud of Golubria       Chrm/Tloc      ###.......   2%          2    None
 Gell's Gravitas          Tloc           ####......   2%          3    ##.....
 Lesser Beckoning         Tloc           ####......   2%          3    ##.....
 Teleport Other           Tloc           ####....     2%          3    ##.....
 Passage of Golubria      Tloc           N/A          9%          4    ####...


Dungeon Overview and Level Annotations

Branches:
Dungeon (7/15)             Temple (1/1) D:5

Altars:
Ashenzari
Cheibriados
Elyvilon
Fedhas
Gozag
Hepliaklqana
Kikubaaqudgha
Makhleb
Nemelex Xobeh
Okawaru
Qazlal
Ru
Sif Muna
Trog
Uskayaw
Vehumet
Wu Jian
Xom
Yredelemnul
The Shining One

Annotations:
D:4 1 runed door, Tovarisch's ghost, amateur FoAK


Innate Abilities, Weirdness & Mutations

Your experience applies equally to all skills.
You have very sharp teeth.
Your uncanny sense of smell can sniff out nearby items.


Message History

You hit the troll.
The troll looks as sick as possible!
You bite the troll, but do no damage.
The troll is moderately wounded.
The troll barely misses you. The troll claws you! The troll barely misses you.
You take 8 damage, and have 31/71 hp.
You hit the troll but do no damage.
The troll looks as sick as possible!
The troll is moderately wounded.
You see here a spear.
The troll bites you. The troll claws you but does no damage.
The troll claws you.
You take 10 damage, and have 23/71 hp.
You hit the troll but do no damage.
The troll looks as sick as possible!
The troll is heavily wounded.
You hit the troll but do no damage.
The troll looks as sick as possible!
The troll is heavily wounded.
The troll bites you!
* * * LOW HITPOINT WARNING * * *
The troll claws you!
You die...
Your body crumbles into a pile of gold.

......>...# #########.# # #.#
###### #.# .....####.#
..........################
.###..#####.....)).......#
(###..# #.############.#####
......# #.)..T@............####
####..#####..#####.#.............
.............# #.(.###.###.###.
####..######.## ##.## #)# #.# #.
# #..#####...# #.####.# #.# #.
####..........# #...##.# #.####
......#####...# ###.##.# #.....
#####.## ##### #.##.# ######
.......## #.##.#


You could see a troll.

Vanquished Creatures
  Prince Ribbit (D:6)
  Grinder (D:5)
  A hippogriff (D:7)
  Edmund (D:5)
  Menkaure (D:6)
  2 orc warriors (D:7)
  2 ogres (D:4)
  3 sky beasts (D:6)
  2 centaurs
  2 big kobolds
  Blork the orc (D:5)
  A bullfrog (D:6)
  A wyvern skeleton (D:7)
  A water moccasin zombie (D:7)
  A howler monkey (D:6)
  2 crimson imps (D:6)
  3 hounds (D:4)
  A jelly (D:4)
  An orc priest (D:3)
  A gnoll shaman (D:7)
  A centaur skeleton (D:5)
  5 orc wizards
  4 worker ants
  An iguana (D:7)
  2 worker ant zombies
  4 gnolls (D:7)
  3 adders
  An adder skeleton (D:5)
  3 adder zombies (D:6)
  3 worms
  2 dart slugs
  5 leopard geckos
  22 orcs
  A ball python (D:5)
  8 bats
  8 giant cockroaches
  9 goblins
  8 hobgoblins
  9 jackals
  A quokka (D:3)
  5 frilled lizards
  A jackal zombie (D:6)
  14 kobolds
  2 quokka zombies
  4 rats
155 creatures vanquished.

Notes
Turn   | Place    | Note
-------+----------+-------------------------------------------
     0 | D:1      | Megalobster the Gnoll Warper began the quest for the Orb.
     0 | D:1      | Reached XP level 1. HP: 20/20 MP: 6/6
   292 | D:1      | Reached XP level 2. HP: 25/26 MP: 7/7
   700 | D:1      | Reached XP level 3. HP: 31/31 MP: 9/9
  1126 | D:2      | Reached skill level 5 in Spellcasting
  1559 | D:2      | Reached skill level 1 in Invocations
  2125 | D:3      | Reached skill level 1 in Short Blades
  2125 | D:3      | Reached skill level 1 in Long Blades
  2125 | D:3      | Reached skill level 1 in Maces & Flails
  2125 | D:3      | Reached skill level 1 in Polearms
  2125 | D:3      | Reached skill level 1 in Staves
  2125 | D:3      | Reached skill level 1 in Slings
  2125 | D:3      | Reached skill level 1 in Bows
  2125 | D:3      | Reached skill level 1 in Crossbows
  2125 | D:3      | Reached skill level 1 in Stealth
  2125 | D:3      | Reached skill level 1 in Shields
  2125 | D:3      | Reached skill level 1 in Unarmed Combat
  2125 | D:3      | Reached skill level 1 in Evocations
  2255 | D:3      | Reached XP level 4. HP: 38/38 MP: 11/11
  2805 | D:3      | Reached skill level 1 in Conjurations
  2805 | D:3      | Reached skill level 1 in Hexes
  2805 | D:3      | Reached skill level 1 in Charms
  2805 | D:3      | Reached skill level 1 in Summonings
  2805 | D:3      | Reached skill level 1 in Necromancy
  2805 | D:3      | Reached skill level 1 in Transmutations
  2805 | D:3      | Reached skill level 1 in Fire Magic
  2805 | D:3      | Reached skill level 1 in Ice Magic
  2805 | D:3      | Reached skill level 1 in Air Magic
  2805 | D:3      | Reached skill level 1 in Earth Magic
  2805 | D:3      | Reached skill level 1 in Poison Magic
  2812 | D:3      | Reached XP level 5. HP: 15/43 MP: 12/12
  3547 | D:4      | Reached XP level 6. HP: 33/50 MP: 13/13
  4014 | D:4      | Reached skill level 5 in Fighting
  4014 | D:4      | Reached skill level 5 in Axes
  4014 | D:4      | Reached skill level 5 in Dodging
  4323 | D:4      | Found a runed door.
  4324 | D:4      | Noticed Tovarisch's ghost (amateur FoAK)
  4507 | D:4      | Reached XP level 7. HP: 54/56 MP: 15/15
  4951 | D:5      | Entered Level 5 of the Dungeon
  4988 | D:5      | Noticed Grinder
  5020 | D:5      | Paralysed by Grinder for 4 turns
  5029 | D:5      | Killed Grinder
  5253 | D:5      | Reached XP level 8. HP: 62/63 MP: 16/16
  5384 | D:5      | Noticed Blork the orc
  5412 | D:5      | Killed Blork the orc
  5555 | D:5      | Found a deep blue altar of Sif Muna.
  5700 | D:5      | Noticed Edmund
  5758 | D:5      | Killed Edmund
  5963 | D:5      | Found a staircase to the Ecumenical Temple.
  5972 | Temple   | Entered the Ecumenical Temple
  6114 | Temple   | Became a worshipper of Gozag Ym Sagoz the Greedy
  6690 | D:6      | Noticed Prince Ribbit
  6717 | D:6      | Killed Prince Ribbit
  6721 | D:6      | Found a basalt altar of Yredelemnul.
  6755 | D:6      | Reached XP level 9. HP: 48/69 MP: 18/18
  7062 | D:6      | Got a polished buckler
  7068 | D:6      | Identified the +0 buckler of Sloth {Stlth+} (You found it
                  | on level 6 of the Dungeon)
  7152 | D:6      | Noticed Menkaure
  7167 | D:6      | Killed Menkaure
  7303 | D:6      | Found a bloodstained altar of Trog.
  7436 | D:7      | HP: 2/69 [hippogriff (3)]
  7904 | D:6      | Reached skill level 5 in Throwing
  7904 | D:6      | Reached skill level 5 in Armour
  8323 | D:7      | Noticed a troll
  9461 | D:7      | Slain by a troll

Vault maps used:
D:1:      lightli_arrival_farm
D:2:      skrybe_limestone_x, kennysheep_generic_room_3
D:3:      first_ration
D:4:      cheibrodos_thug_alley, ebering_ghost_reflecting_pool
D:5:      temple_green, basic_altar, uniq_grinder, uniq_blork_the_orc,
          uniq_edmund
D:6:      lemuel_round_altar, basic_altar, uniq_menkaure, uniq_prince_ribbit1
Temple:   regret_index_temple_mists

Skill      XL: |  1  2  3  4  5  6  7  8  9 |
---------------+----------------------------+-----
Spellcasting   | 5 6 |  6.7
Invocations    | 1 2 3 4 |  4.9
Short Blades   | 1 2 3 4 |  4.4
Long Blades    | 1 2 3 4 |  4.4
Maces & Flails | 1 2 3 4 |  4.4
Polearms       | 1 2 3 4 |  4.4
Staves         | 1 2 3 4 |  4.4
Slings         | 1 2 3 4 |  4.4
Bows           | 1 2 3 4 |  4.4
Crossbows      | 1 2 3 4 |  4.4
Stealth        | 1 2 3 4 |  4.4
Shields        | 1 2 3 4 |  4.4
Unarmed Combat | 1 2 3 4 |  4.4
Evocations     | 1 2 3 4 |  4.4
Conjurations   | 1 2 3 |  3.6
Hexes          | 1 2 3 |  3.6
Charms         | 1 2 3 |  3.6
Summonings     | 1 2 3 |  3.6
Necromancy     | 1 2 3 |  3.6
Transmutations | 1 2 3 |  3.6
Fire Magic     | 1 2 3 |  3.6
Ice Magic      | 1 2 3 |  3.6
Air Magic      | 1 2 3 |  3.6
Earth Magic    | 1 2 3 |  3.6
Poison Magic   | 1 2 3 |  3.6
Throwing       | 3 4 5 |  5.2
Armour         | 3 4 5 |  5.2
Fighting       | 5 6 |  6.4
Axes           | 5 6 |  6.4
Dodging        | 5 6 |  6.4
Translocations | 6 |  6.6

Action                   |  1- 3 |  4- 6 |  7- 9 || total
-------------------------+-------+-------+-------++-------
Melee: Hand axe          |    71 |       |       ||    71
       Bite              |     6 |    27 |    59 ||    92
       Dagger            |    41 |   187 |   471 ||   699
       Punch             |     1 |       |     2 ||     3
Throw: Tomahawk          |     2 |       |     2 ||     4
       Stone             |       |       |     7 ||     7
  Use: Scroll            |     6 |     1 |     6 ||    13
       Potion            |       |       |     3 ||     3
 Stab: Distracted        |       |     1 |     1 ||     2
       Sleeping          |       |     1 |     2 ||     3
  Eat: Chunk             |     1 |     6 |     6 ||    13
       Ration            |     1 |       |     4 ||     5
Armor: Leather armour    |    28 |    27 |     7 ||    62
       Scale mail        |       |     6 |   149 ||   155
Dodge: Dodged            |    87 |   115 |   204 ||   406
Block: Buckler           |       |       |    31 ||    31

Table legend:
 A = Non-vault XP
 B = Vault XP
 C = Vault XP percentage of total XP
 D = Non-vault monster count
 E = Vault monster count
 F = Vault count percentage of total count
                 A         B        C        D         E       F
            +---------+---------+-------+---------+---------+-------
      Total |    2890 |    1077 |  27.1 |     139 |      16 |  10.3
            +---------+---------+-------+---------+---------+-------
        D:1 |      34 |       0 |   0.0 |      19 |       0 |   0.0
        D:2 |      40 |       1 |   2.4 |      15 |       1 |   6.2
        D:3 |     139 |       0 |   0.0 |      24 |       0 |   0.0
        D:4 |     573 |     110 |  16.1 |      26 |      10 |  27.8
        D:5 |     119 |     527 |  81.6 |      10 |       3 |  23.1
        D:6 |     818 |     439 |  34.9 |      20 |       2 |   9.1
        D:7 |    1167 |       0 |   0.0 |      25 |       0 |   0.0
            +---------+---------+-------+---------+---------+-------
